[Event "POL-chT 2 Liga 2019"]
[Site "Poronin"]
[Date "2019.09.14"]
[Round "8.24"]
[White "Lukasiewicz, Anna"]
[Black "Mazur, Anna"]
[Result "0-1"]
[ECO "B99"]
[WhiteElo "2075"]
[BlackElo "1697"]
[Annotator "NA"]
[PlyCount "120"]
[EventDate "2019.09.07"]
[EventType "team-tourn"]
[EventCountry "POL"]
[SourceTitle "playchess.com"]
[Source "ChessBase"]
[SourceQuality "1"]
[TimeControl "40/5400+30:1800+30"]

1. e4 c5 2. Nf3 d6 3. d4 cxd4 4. Nxd4 Nf6 5. Nc3 a6 6. Bg5 e6 7. f4 Be7 8. Qf3 Nbd7 9. O-O-O Qc7 10. g4 b5 11. Bxf6 Nxf6 12. g5 Nd7 13. Bg2 Bb7 14. Rhe1 Rc8 15. Rd2 Nb6 16. Qh3 b4 17. Nd1 Nc4 18. Rde2 Qd7 19. g6 Bf6 20. gxf7+ Kxf7 21. e5 Bxg2 22. Rxg2 dxe5 23. fxe5 Nxe5 24. Rxe5 Bxe5 25. Qh5+ g6 26. Qxe5 Rhd8 27. Rf2+ Kg8 28. Qxe6+ Qxe6 29. Nxe6 Rd5 30. Rg2 Rc6 31. Nf4 Re5 32. Nd3 Rb5 33. Ne3 a5 34. Rg4 Kg7 35. Kd2 Kf6 36. Rf4+ Kg7 37. Ng4 Re6 38. Rd4 g5 39. Rd7+ Kg6 40. Ne3 Re4 41. h3 h5 42. Nd5 Rh4 43. Rd6+ Kg7 44. Ne5 Rd4+ 45. Ke3 Rdxd5 46. Rxd5 Rxd5 47. Nd3 Kf6 48. c4 bxc3 49. bxc3 Kf5 50. c4 Rd8 51. a4 g4 52. hxg4+ hxg4 53. c5 g3 54. Nf4 Rc8 55. Nd3 g2 56. Kf2 Ke4 57. Ne1 Rxc5 58. Nxg2 Rc4 59. Ne3 Rxa4 60. Nd1 Ra2+ 0-1

[Event "POL-chT 2 Liga 2019"]
[Site "Poronin"]
[Date "2019.09.14"]
[Round "8.25"]
[White "Psyk, Radoslaw"]
[Black "Molenda, Marcin"]
[Result "1-0"]
[ECO "B24"]
[WhiteElo "2314"]
[BlackElo "2373"]
[Annotator "NA"]
[PlyCount "51"]
[EventDate "2019.09.07"]
[EventType "team-tourn"]
[EventCountry "POL"]
[SourceTitle "playchess.com"]
[Source "ChessBase"]
[SourceQuality "1"]
[TimeControl "40/5400+30:1800+30"]

1. e4 c5 2. Nc3 Nc6 3. Bb5 g6 4. Bxc6 bxc6 5. f4 Bg7 6. Nf3 d6 7. O-O Nf6 8. d3 O-O 9. Qe1 Bg4 10. b3 Rb8 11. Bd2 Ne8 12. Nh4 Bd7 13. Rd1 Nc7 14. f5 e6 15. Qg3 exf5 16. exf5 Bf6 17. fxg6 Bxh4 18. gxf7+ Kh8 19. Qxd6 Bg4 20. Qe5+ Bf6 21. Rxf6 Qd4+ 22. Qxd4 cxd4 23. Rdf1 dxc3 24. Bxc3 Nd5 25. Be5 Nxf6 26. Bxf6# 1-0

[Event "POL-chT 2 Liga 2019"]
[Site "Poronin"]
[Date "2019.09.14"]
[Round "8.26"]
[White "Czerw, Dawid"]
[Black "Zochowski, Kacper"]
[Result "1/2-1/2"]
[ECO "C41"]
[WhiteElo "2269"]
[BlackElo "2267"]
[Annotator "NA"]
[PlyCount "26"]
[EventDate "2019.09.07"]
[EventType "team-tourn"]
[EventCountry "POL"]
[SourceTitle "playchess.com"]
[Source "ChessBase"]
[SourceQuality "1"]
[TimeControl "40/5400+30:1800+30"]

1. d4 d6 2. e4 Nf6 3. Nc3 e5 4. Nf3 Nbd7 5. Rg1 Be7 6. g4 O-O 7. g5 Nh5 8. Be3 c6 9. Qd2 Qa5 10. Be2 g6 11. h4 b5 12. a3 a6 13. Nh2 Nf4 1/2-1/2

[Event "POL-chT 2 Liga 2019"]
[Site "Poronin"]
[Date "2019.09.14"]
[Round "8.27"]
[White "Adamczewski, Maciej"]
[Black "Pazdziora, Michal"]
[Result "0-1"]
[ECO "D31"]
[WhiteElo "2109"]
[BlackElo "2176"]
[Annotator "NA"]
[PlyCount "52"]
[EventDate "2019.09.07"]
[EventType "team-tourn"]
[EventCountry "POL"]
[SourceTitle "playchess.com"]
[Source "ChessBase"]
[SourceQuality "1"]
[TimeControl "40/5400+30:1800+30"]

1. d4 d5 2. c4 c6 3. Nc3 e6 4. Nf3 dxc4 5. g3 Nf6 6. Bg2 Nbd7 7. e4 Bb4 8. Qe2 b5 9. O-O O-O 10. a4 Bb7 11. axb5 cxb5 12. e5 Nd5 13. Nxb5 a6 14. Na3 c3 15. Nc2 a5 16. Nxb4 axb4 17. Rxa8 Qxa8 18. bxc3 Nxc3 19. Qe3 Nb6 20. Nh4 Nbd5 21. Qf3 Qa2 22. Qg4 Ne2+ 23. Kh1 Nxc1 24. Rxc1 b3 25. Be4 b2 26. Rg1 Nc3 0-1

[Event "POL-chT 2 Liga 2019"]
[Site "Poronin"]
[Date "2019.09.14"]
[Round "8.28"]
[White "Niedbala, Bartlomiej"]
[Black "Tabola, Marcin"]
[Result "1-0"]
[ECO "E16"]
[WhiteElo "2145"]
[BlackElo "2003"]
[Annotator "NA"]
[PlyCount "116"]
[EventDate "2019.09.07"]
[EventType "team-tourn"]
[EventCountry "POL"]
[SourceTitle "playchess.com"]
[Source "ChessBase"]
[SourceQuality "1"]
[TimeControl "40/5400+30:1800+30"]

1. d4 Nf6 2. Nf3 e6 3. c4 b6 4. g3 Bb7 5. Bg2 Bb4+ 6. Nbd2 O-O 7. a3 Be7 8. O-O c5 9. dxc5 bxc5 10. Qc2 Nc6 11. b3 Qc7 12. Bb2 Rfd8 13. e3 Rac8 14. Rac1 Qb8 15. Ng5 h6 16. Bxf6 hxg5 17. Bxe7 Nxe7 18. Bxb7 Qxb7 19. Ne4 Nf5 20. Nxg5 f6 21. Ne4 d6 22. Rfd1 Rb8 23. Rb1 Qf7 24. Rd2 Qh5 25. Qd1 Qh7 26. Nxc5 Kf7 27. Ne4 Rh8 28. h4 Nxh4 29. Nxd6+ Ke7 30. gxh4 Qg6+ 31. Kf1 Rxh4 32. Ke2 Rd8 33. Nf5+ exf5 34. Rxd8 Qg4+ 35. Kd2 Kxd8 36. Kc3+ Ke7 37. Qxg4 fxg4 38. Rd1 Rh2 39. Rd2 Rh1 40. c5 f5 41. Kb4 Rb1 42. a4 g5 43. c6 f4 44. exf4 gxf4 45. Rd4 g3 46. fxg3 fxg3 47. Rd7+ Ke6 48. Rg7 a5+ 49. Kxa5 Rxb3 50. c7 Rc3 51. Kb6 Rb3+ 52. Kc6 Rc3+ 53. Kb7 Rb3+ 54. Ka8 Rc3 55. Kb8 Rb3+ 56. Kc8 Ra3 57. a5 Rxa5 58. Kb7 Kd5 1-0

[Event "POL-chT 2 Liga 2019"]
[Site "Poronin"]
[Date "2019.09.14"]
[Round "8.29"]
[White "Hasterok, Mateusz"]
[Black "Galuszka, Tomasz"]
[Result "1-0"]
[ECO "D10"]
[WhiteElo "1985"]
[BlackElo "2222"]
[Annotator "NA"]
[PlyCount "119"]
[EventDate "2019.09.07"]
[EventType "team-tourn"]
[EventCountry "POL"]
[SourceTitle "playchess.com"]
[Source "ChessBase"]
[SourceQuality "1"]
[TimeControl "40/5400+30:1800+30"]

1. d4 d5 2. c4 c6 3. Nc3 Nf6 4. e3 Bf5 5. cxd5 Nxd5 6. Bc4 e6 7. Nf3 Nd7 8. O-O Bg6 9. Qe2 Be7 10. Rd1 O-O 11. e4 Nxc3 12. bxc3 Qc7 13. a4 e5 14. Bb2 Rad8 15. h3 Rfe8 16. d5 Nc5 17. dxc6 bxc6 18. Nd2 Bg5 19. Ba3 Nxa4 20. Bb4 Nb6 21. Nb3 Rxd1+ 22. Rxd1 Rd8 23. Rxd8+ Qxd8 24. Nc5 Be7 25. Bb3 Qf8 26. Qe3 Bd6 27. Nd3 c5 28. Nxc5 Kh8 29. Nd3 f6 30. f3 Be8 31. Kh1 Bb5 32. Nc5 Qe7 33. Nd3 g6 34. Bxd6 Qxd6 35. Nb4 Kg7 36. Nd5 Nxd5 37. Bxd5 Qb6 38. Qd2 a5 39. c4 Bd7 40. Qc3 Qc5 41. f4 Qf2 42. fxe5 Qf1+ 43. Kh2 Qf4+ 44. Kg1 fxe5 45. Qxa5 Qc1+ 46. Kf2 Qf4+ 47. Ke2 Qg3 48. Qc7 Qxg2+ 49. Kd1 Qf1+ 50. Kd2 Qg2+ 51. Kc3 Qxh3+ 52. Kb4 Kh6 53. Qxe5 Qe3 54. Qc7 Be8 55. Qh2+ Kg5 56. Qe5+ Kg4 57. Qxe8 Qd2+ 58. Kb5 Kf4 59. Qf8+ Ke5 60. Qg7+ 1-0

[Event "POL-chT 2 Liga 2019"]
[Site "Poronin"]
[Date "2019.09.14"]
[Round "8.30"]
[White "Adamczyk, Zuzanna"]
[Black "Poznanska, Katarzyna"]
[Result "1/2-1/2"]
[ECO "B41"]
[WhiteElo "1938"]
[BlackElo "2082"]
[Annotator "NA"]
[PlyCount "96"]
[EventDate "2019.09.07"]
[EventType "team-tourn"]
[EventCountry "POL"]
[SourceTitle "playchess.com"]
[Source "ChessBase"]
[SourceQuality "1"]
[TimeControl "40/5400+30:1800+30"]

1. e4 c5 2. Nf3 e6 3. d4 cxd4 4. Nxd4 a6 5. c4 Nf6 6. Nc3 Qc7 7. a3 Nc6 8. Be3 d6 9. Be2 Be7 10. Rc1 O-O 11. O-O Qb8 12. Kh1 Bd7 13. f3 Rc8 14. Qd2 Nxd4 15. Bxd4 b5 16. cxb5 axb5 17. Rfd1 Ne8 18. Na2 Nc7 19. Nb4 Na6 20. Nxa6 Rxa6 21. Rxc8+ Qxc8 22. Rc1 Qb8 23. Bc3 Rc6 24. Bb4 Rxc1+ 25. Qxc1 Bf6 26. Qd2 Qb6 27. Qxd6 Qxd6 28. Bxd6 Bxb2 29. Kg1 f6 30. Kf2 e5 31. Ke3 Kf7 32. Bc5 g6 33. Kd2 f5 34. Kc2 Ba1 35. exf5 gxf5 36. Kb3 e4 37. Kb4 Be5 38. g3 exf3 39. Bxf3 f4 40. gxf4 Bxf4 41. Ka5 Bxh2 42. Be2 Bc7+ 43. Kb4 Ke8 44. Bxb5 Bxb5 45. Kxb5 h5 46. Bf2 Kd7 47. a4 Kc8 48. a5 Kb7 1/2-1/2

[Event "POL-chT 2 Liga 2019"]
[Site "Poronin"]
[Date "2019.09.14"]
[Round "8.31"]
[White "Jedynak, Radoslaw"]
[Black "Kumala, Aleksander"]
[Result "1-0"]
[ECO "C04"]
[WhiteElo "2341"]
[BlackElo "2203"]
[Annotator "NA"]
[PlyCount "93"]
[EventDate "2019.09.07"]
[EventType "team-tourn"]
[EventCountry "POL"]
[SourceTitle "playchess.com"]
[Source "ChessBase"]
[SourceQuality "1"]
[TimeControl "40/5400+30:1800+30"]

1. d4 e6 2. e4 d5 3. Nd2 Nc6 4. Ngf3 Nf6 5. e5 Nd7 6. Be2 f6 7. exf6 Qxf6 8. Nf1 Bd6 9. Ne3 Ne7 10. O-O c6 11. Bd3 h5 12. c4 Nf8 13. h4 Nfg6 14. g3 Bd7 15. Ng2 O-O-O 16. Bg5 Qf7 17. Bxg6 Nxg6 18. Bxd8 Kxd8 19. Ng5 Qf6 20. c5 Bc7 21. f4 Ne7 22. Ne3 g6 23. b4 Kc8 24. a4 a6 25. Qd3 Re8 26. Nf3 Nf5 27. Nxf5 Qxf5 28. Qxf5 gxf5 29. Rfe1 Bd8 30. Re2 Bf6 31. Rae1 Re7 32. Kg2 Kd8 33. Ng5 Bxg5 34. hxg5 Re8 35. Rh1 Rh8 36. g6 Rh6 37. g7 Rg6 38. Rxh5 Rxg7 39. Kf3 Be8 40. Rh8 Kd7 41. Reh2 Bg6 42. Rb8 Kc7 43. Rhh8 Bh5+ 44. Kf2 Rf7 45. Rhc8+ Kd7 46. Rd8+ Ke7 47. Rh8 1-0

[Event "POL-chT 2 Liga 2019"]
[Site "Poronin"]
[Date "2019.09.14"]
[Round "8.32"]
[White "Cajbel, Maciej"]
[Black "Mickiewicz, Piotr"]
[Result "1-0"]
[ECO "B24"]
[WhiteElo "2199"]
[BlackElo "2226"]
[Annotator "NA"]
[PlyCount "103"]
[EventDate "2019.09.07"]
[EventType "team-tourn"]
[EventCountry "POL"]
[SourceTitle "playchess.com"]
[Source "ChessBase"]
[SourceQuality "1"]
[TimeControl "40/5400+30:1800+30"]

1. e4 c5 2. Nc3 Nc6 3. Bb5 Nd4 4. Bc4 e6 5. Nge2 Nf6 6. O-O a6 7. a4 d5 8. exd5 exd5 9. Ba2 Bd6 10. d3 O-O 11. Nxd4 cxd4 12. Ne2 Ng4 13. f4 Qh4 14. h3 Re8 15. Bxd5 Ne3 16. Bxe3 Rxe3 17. Qe1 Qe7 18. Rf2 Bd7 19. Qd2 Re8 20. Nxd4 Bc5 21. c3 Bxd4 22. cxd4 Qd6 23. Bxb7 Qxd4 24. Kh2 Rxd3 25. Qc2 Bf5 26. Qc6 Rxh3+ 27. Kg1 Rhe3 28. Bxa6 Re1+ 29. Rxe1 Rxe1+ 30. Kh2 h5 31. Qa8+ Kh7 32. Qf3 g6 33. Rf1 Rxf1 34. Qxf1 Qxb2 35. Bc4 Kg7 36. Qe1 Kf8 37. Qe5 Qxe5 38. fxe5 Be4 39. a5 Ke7 40. a6 g5 41. g3 Kd8 42. Bxf7 h4 43. gxh4 gxh4 44. Bc4 Kc7 45. Kh3 Kb6 46. Kxh4 Kc5 47. e6 Kd6 48. Kg5 Bc6 49. Kf6 Ba8 50. e7 Bc6 51. a7 Kd7 52. Bb5 1-0

[Event "POL-chT 2 Liga 2019"]
[Site "Poronin"]
[Date "2019.09.14"]
[Round "8.33"]
[White "Mazurkiewicz, Michal"]
[Black "Zurkowski, Andrzej"]
[Result "1/2-1/2"]
[ECO "A05"]
[WhiteElo "2215"]
[BlackElo "2029"]
[Annotator "NA"]
[PlyCount "107"]
[EventDate "2019.09.07"]
[EventType "team-tourn"]
[EventCountry "POL"]
[SourceTitle "playchess.com"]
[Source "ChessBase"]
[SourceQuality "1"]
[TimeControl "40/5400+30:1800+30"]

1. Nf3 Nf6 2. g3 g6 3. Bg2 Bg7 4. O-O O-O 5. d3 d6 6. c4 e5 7. Nc3 Nc6 8. Rb1 a5 9. a3 h6 10. b4 axb4 11. axb4 Ne7 12. Bb2 Be6 13. Qd2 Qd7 14. Rfc1 Nh7 15. d4 exd4 16. Nxd4 Bxc4 17. Bxb7 Rab8 18. Bg2 Rxb4 19. Ne4 Rfb8 20. Rc2 c5 21. Nf3 Ba2 22. Ra1 Rxb2 23. Rxa2 Rxa2 24. Rxa2 Rb1+ 25. Bf1 Qh3 26. Ne1 Qe6 27. Nxd6 Rxe1 28. Ra8+ Nf8 29. Qxe1 Qxd6 30. e4 Nc6 31. Qb1 Ne5 32. Qb3 Qc6 33. Qd5 Nf3+ 34. Kg2 Ne1+ 35. Kh3 Qf6 36. f4 g5 37. Qf5 gxf4 38. Qxf6 Bxf6 39. gxf4 Bd4 40. Bc4 Nc2 41. Rc8 Na3 42. Bb3 Nb5 43. Rb8 Nc7 44. Kg4 Kg7 45. Rb7 Nce6 46. f5 Nd8 47. Re7 Nh7 48. Kf4 Ng5 49. h4 Bf6 50. Re8 Nh7 51. e5 Bxh4 52. f6+ Nxf6 53. exf6+ Bxf6 54. Bd5 1/2-1/2

[Event "POL-chT 2 Liga 2019"]
[Site "Poronin"]
[Date "2019.09.14"]
[Round "8.34"]
[White "Smusz, Kamil"]
[Black "Maciaga, Marcin"]
[Result "0-1"]
[ECO "A45"]
[WhiteElo "1906"]
[BlackElo "2118"]
[Annotator "NA"]
[PlyCount "138"]
[EventDate "2019.09.07"]
[EventType "team-tourn"]
[EventCountry "POL"]
[SourceTitle "playchess.com"]
[Source "ChessBase"]
[SourceQuality "1"]
[TimeControl "40/5400+30:1800+30"]

1. d4 Nf6 2. Bf4 c5 3. e3 Qb6 4. Nc3 d6 5. a3 g6 6. h3 Bg7 7. Nf3 O-O 8. Be2 Bf5 9. Rb1 cxd4 10. exd4 Nc6 11. d5 Nb8 12. O-O a6 13. Re1 Qc7 14. g4 Bc8 15. Bf1 b5 16. Bg2 Bb7 17. Qd2 Re8 18. Bh6 Nbd7 19. Bxg7 Kxg7 20. Rbd1 Nb6 21. Qd4 Kg8 22. Nd2 Rac8 23. Nf1 Nc4 24. Ne3 Nxa3 25. Ne4 Nxe4 26. Bxe4 Nc4 27. h4 Qc5 28. b3 Qxd4 29. Rxd4 Nxe3 30. Rxe3 a5 31. h5 b4 32. Bd3 Rc5 33. Bc4 Kf8 34. hxg6 hxg6 35. Rh3 Kg7 36. g5 Rh8 37. Re3 e5 38. Rd1 Rh4 39. Rg3 Bc8 40. c3 bxc3 41. Rxc3 a4 42. Rg3 Bf5 43. Re3 Rg4+ 44. Kf1 Rxg5 45. Ra1 Bd7 46. Ke2 Rg4 47. Kd3 f5 48. Rh3 Rd4+ 49. Ke2 f4 50. Rd3 Rxd3 51. Kxd3 Bf5+ 52. Kc3 axb3 53. Kxb3 e4 54. Kc3 Kf6 55. Kd4 Rc7 56. Ra8 Rb7 57. Ra6 Ke7 58. Ra2 Rb1 59. Ra7+ Kf6 60. Ra6 Rd1+ 61. Kc3 Ke5 62. Kc2 Rh1 63. Kd2 Rh2 64. Ke1 Bg4 65. Ra8 Kd4 66. Ra4 Rh1+ 67. Bf1+ Ke5 68. f3 Bxf3 69. Ra2 g5 0-1

[Event "POL-chT 2 Liga 2019"]
[Site "Poronin"]
[Date "2019.09.14"]
[Round "8.35"]
[White "Krasiewicz, Robert"]
[Black "Mikula, Michal"]
[Result "1-0"]
[ECO "A02"]
[WhiteElo "2044"]
[BlackElo "1830"]
[Annotator "NA"]
[PlyCount "80"]
[EventDate "2019.09.07"]
[EventType "team-tourn"]
[EventCountry "POL"]
[SourceTitle "playchess.com"]
[Source "ChessBase"]
[SourceQuality "1"]
[TimeControl "40/5400+30:1800+30"]

1. f4 c5 2. Nf3 g6 3. g3 Bg7 4. Bg2 Nf6 5. O-O O-O 6. d3 d5 7. Qe1 Nc6 8. c3 Re8 9. Ne5 Qd6 10. e4 Nxe5 11. fxe5 Qxe5 12. exd5 Qd6 13. Na3 Qd8 14. Qf2 Bf5 15. Qxc5 Bxd3 16. Re1 a6 17. Bf4 Rc8 18. Qd4 Bf5 19. Be5 b5 20. Rad1 Bf8 21. h3 Nd7 22. g4 Nxe5 23. Qxe5 Bg7 24. Qe3 Bd7 25. Nc2 a5 26. Nd4 b4 27. Nc6 Bxc6 28. dxc6 Qc7 29. Rd7 Qb8 30. Rxe7 Rf8 31. Rb7 Qd6 32. Rd7 Qb8 33. Bd5 bxc3 34. bxc3 Qb2 35. Qc1 Qb6+ 36. Qe3 Qb2 37. Rf1 Bxc3 38. Rfxf7 Rxf7 39. Rxf7 Kh8 40. Rf2 Qa1+ {Rf7 Qb2 Kh1} 1-0

[Event "POL-chT 2 Liga 2019"]
[Site "Poronin"]
[Date "2019.09.14"]
[Round "8.36"]
[White "Mirowska, Oliwia"]
[Black "Andrzejewska, Anna"]
[Result "1-0"]
[ECO "A02"]
[WhiteElo "1900"]
[BlackElo "2021"]
[Annotator "NA"]
[PlyCount "113"]
[EventDate "2019.09.07"]
[EventType "team-tourn"]
[EventCountry "POL"]
[SourceTitle "playchess.com"]
[Source "ChessBase"]
[SourceQuality "1"]
[TimeControl "40/5400+30:1800+30"]

1. f4 g6 2. Nf3 c5 3. g3 Bg7 4. Bg2 Nc6 5. O-O d5 6. d3 e6 7. c3 Nge7 8. Qe1 b6 9. e4 dxe4 10. dxe4 Ba6 11. Rf2 e5 12. f5 O-O 13. g4 Qc7 14. Be3 Na5 15. Nbd2 c4 16. Nh4 f6 17. g5 fxg5 18. Bxg5 Bf6 19. Bxf6 Rxf6 20. fxg6 Rxf2 21. gxh7+ Kxh7 22. Qxf2 Qc5 23. Qxc5 bxc5 24. Ndf3 Nac6 25. Ng5+ Kg8 26. Bh3 Bc8 27. Be6+ Bxe6 28. Nxe6 Rb8 29. Rb1 Rb5 30. Nf3 Ng6 31. h4 Kf7 32. Nfg5+ Ke7 33. h5 Nf4 34. Nxf4 exf4 35. Nh3 Kf6 36. Nxf4 Kg5 37. Ne6+ Kxh5 38. Kf2 Ne5 39. Ke3 Nd3 40. Nf4+ Nxf4 41. Kxf4 Kg6 42. Ke5 Kf7 43. Kd5 a6 44. Rf1+ Ke7 45. Rf2 Ra5 46. a3 Rb5 47. e5 Kd7 48. Rh2 Ke7 49. e6 Rb6 50. Re2 Rd6+ 51. Kxc5 Rxe6 52. Rxe6+ Kxe6 53. Kxc4 Kd6 54. Kb4 Kc6 55. Ka5 Kb7 56. b4 Ka7 57. c4 1-0

[Event "POL-chT 2 Liga 2019"]
[Site "Poronin"]
[Date "2019.09.14"]
[Round "8.37"]
[White "Miroslaw, Michal"]
[Black "Goluch, Piotr"]
[Result "1-0"]
[ECO "B18"]
[WhiteElo "2284"]
[BlackElo "2428"]
[Annotator "NA"]
[PlyCount "91"]
[EventDate "2019.09.07"]
[EventType "team-tourn"]
[EventCountry "POL"]
[SourceTitle "playchess.com"]
[Source "ChessBase"]
[SourceQuality "1"]
[TimeControl "40/5400+30:1800+30"]

1. e4 c6 2. d4 d5 3. Nd2 dxe4 4. Nxe4 Bf5 5. Nc5 b6 6. Nb3 e6 7. Nf3 Nf6 8. g3 Nbd7 9. Bg2 Rc8 10. O-O Be7 11. c4 O-O 12. Qe2 Qc7 13. Bf4 Bd6 14. Bxd6 Qxd6 15. Rfd1 Bg4 16. h3 Bxf3 17. Qxf3 Rfd8 18. Qe3 b5 19. Na5 Re8 20. c5 Qc7 21. Nxc6 h6 22. Qa3 Nd5 23. Nb4 Nxb4 24. Qxb4 Rb8 25. Rac1 Nf6 26. Rd3 a5 27. Qd2 Red8 28. d5 exd5 29. Bxd5 Nxd5 30. Rxd5 Rxd5 31. Qxd5 Rd8 32. Qe4 Rd2 33. Rc2 Rd1+ 34. Kg2 g5 35. c6 b4 36. Rc5 Rd2 37. Rd5 Rxd5 38. Qxd5 Kf8 39. Kf3 Kg7 40. Qd7 Qb6 41. c7 b3 42. c8=Q Qf6+ 43. Qf5 Qxb2 44. Qc7 bxa2 45. Qcxf7+ Kh8 46. Q5h7# 1-0

[Event "POL-chT 2 Liga 2019"]
[Site "Poronin"]
[Date "2019.09.14"]
[Round "8.38"]
[White "Lukasiewicz, Krzysztof"]
[Black "Pyda, Zbigniew"]
[Result "1-0"]
[ECO "D00"]
[WhiteElo "2254"]
[BlackElo "2322"]
[Annotator "NA"]
[PlyCount "151"]
[EventDate "2019.09.07"]
[EventType "team-tourn"]
[EventCountry "POL"]
[SourceTitle "playchess.com"]
[Source "ChessBase"]
[SourceQuality "1"]
[TimeControl "40/5400+30:1800+30"]

1. d4 d5 2. Bf4 Nf6 3. e3 Bf5 4. c4 c6 5. Nc3 e6 6. Qb3 b6 7. cxd5 exd5 8. Nf3 Be7 9. Be2 O-O 10. O-O a5 11. Ne5 Nfd7 12. Nxc6 Nxc6 13. Qxd5 Nxd4 14. Qxd4 Bf6 15. Qd2 Rc8 16. Rfd1 Bxc3 17. bxc3 Qf6 18. Rac1 Nc5 19. Qe1 Ne4 20. Rd4 g5 21. Bg3 Nxg3 22. hxg3 Rc5 23. Qd2 Rfc8 24. Rd6 Be6 25. Ba6 R8c6 26. Rxc6 Rxc6 27. c4 Bc8 28. Bxc8 Rxc8 29. Qd4 Qc6 30. e4 a4 31. Kf1 h6 32. Qd5 Qc5 33. Qxc5 Rxc5 34. Ke2 b5 35. Kd3 bxc4+ 36. Rxc4 Ra5 37. a3 Ra8 38. e5 Kg7 39. Ke4 Kg6 40. Rc6+ Kg7 41. Rc4 Kg6 42. g4 Rb8 43. Rxa4 Rb2 44. Ra6+ Kg7 45. Rf6 Re2+ 46. Kd5 Rd2+ 47. Kc5 Re2 48. Kd6 Re4 49. g3 Ra4 50. Rf3 Ra6+ 51. Kd5 Ra5+ 52. Ke4 Kg6 53. Rb3 Ra4+ 54. Ke3 f6 55. Rb6 Rxa3+ 56. Ke4 Ra4+ 57. Kf3 Ra3+ 58. Kg2 Rc3 59. Rxf6+ Kg7 60. Rd6 Ra3 61. f4 Re3 62. Rd7+ Kg8 63. Kf2 Re4 64. Kf3 Re1 65. Rd3 Kf7 66. Re3 Ra1 67. e6+ Ke7 68. f5 Ra8 69. Rd3 Kf6 70. Ke4 h5 71. Rd7 Ra4+ 72. Kd5 Ra5+ 73. Kd6 Ra6+ 74. Kc5 hxg4 75. Rf7+ Ke5 76. e7 1-0

[Event "POL-chT 2 Liga 2019"]
[Site "Poronin"]
[Date "2019.09.14"]
[Round "8.39"]
[White "Maka, Marcin"]
[Black "Jankowiak, Tomasz"]
[Result "1-0"]
[ECO "B25"]
[WhiteElo "2108"]
[BlackElo "2075"]
[Annotator "NA"]
[PlyCount "85"]
[EventDate "2019.09.07"]
[EventType "team-tourn"]
[EventCountry "POL"]
[SourceTitle "playchess.com"]
[Source "ChessBase"]
[SourceQuality "1"]
[TimeControl "40/5400+30:1800+30"]

1. e4 c5 2. Nc3 d6 3. g3 Nc6 4. Bg2 g6 5. d3 Bg7 6. Nh3 e6 7. Be3 Nd4 8. O-O Ne7 9. Qd2 Qa5 10. Bh6 O-O 11. Nd5 Qd8 12. Bxg7 Kxg7 13. Ne3 e5 14. f4 f6 15. c3 Ndc6 16. f5 g5 17. g4 h6 18. Nf2 b5 19. Nh1 Bd7 20. Ng3 Be8 21. h4 b4 22. Bf3 Bf7 23. Nh5+ Bxh5 24. gxh5 Kh7 25. Kh1 a5 26. Rg1 a4 27. a3 bxc3 28. bxc3 Na5 29. Raf1 Rb8 30. Rg2 Rb3 31. Qc1 Qb6 32. Ng4 Qd8 33. Nxh6 Kxh6 34. hxg5+ Kg7 35. h6+ Kh8 36. g6 Rg8 37. g7+ Kh7 38. Bh5 Re8 39. Rfg1 c4 40. Qd1 cxd3 41. Qg4 Kg8 42. h7+ Kxh7 43. Bf7 1-0

[Event "POL-chT 2 Liga 2019"]
[Site "Poronin"]
[Date "2019.09.14"]
[Round "8.40"]
[White "Dryja, Szymon"]
[Black "Panas, Pawel"]
[Result "1/2-1/2"]
[ECO "D30"]
[WhiteElo "1854"]
[BlackElo "2165"]
[Annotator "NA"]
[PlyCount "72"]
[EventDate "2019.09.07"]
[EventType "team-tourn"]
[EventCountry "POL"]
[SourceTitle "playchess.com"]
[Source "ChessBase"]
[SourceQuality "1"]
[TimeControl "40/5400+30:1800+30"]

1. d4 d5 2. c4 e6 3. e3 c6 4. Nf3 Bd6 5. b3 f5 6. Bb2 Nf6 7. Bd3 O-O 8. Nbd2 b6 9. Rc1 Qe7 10. Qc2 Bb7 11. O-O a5 12. c5 bxc5 13. dxc5 Bc7 14. a3 Ba6 15. Ne5 Nfd7 16. Ndf3 Bxd3 17. Qxd3 Nxc5 18. Qc2 Bd6 19. Bd4 Ncd7 20. Nxc6 Nxc6 21. Qxc6 Bxa3 22. Rc2 Bd6 23. Rfc1 h6 24. Nh4 Kh7 25. g3 Rab8 26. Qa6 e5 27. Ba7 Rxb3 28. Rc8 Rf6 29. Qxa5 Qe6 30. Ra8 Ra3 31. Qb5 Nf8 32. Qb1 Qd7 33. Qb6 Be7 34. Qb8 Bd6 35. Qb6 Be7 36. Qb8 Bd6 1/2-1/2

[Event "POL-chT 2 Liga 2019"]
[Site "Poronin"]
[Date "2019.09.14"]
[Round "8.41"]
[White "Polkowski, Piotr"]
[Black "Statucki, Maciej"]
[Result "1/2-1/2"]
[ECO "B30"]
[WhiteElo "2109"]
[BlackElo "1754"]
[Annotator "NA"]
[PlyCount "83"]
[EventDate "2019.09.07"]
[EventType "team-tourn"]
[EventCountry "POL"]
[SourceTitle "playchess.com"]
[Source "ChessBase"]
[SourceQuality "1"]
[TimeControl "40/5400+30:1800+30"]

1. e4 c5 2. Nf3 Nc6 3. Bb5 a6 4. Bxc6 bxc6 5. O-O Nf6 6. Re1 g6 7. d3 Bg7 8. Nc3 O-O 9. h3 Rb8 10. Rb1 d6 11. Be3 e5 12. Qd2 Nh5 13. g4 f5 14. Bg5 Nf6 15. Nh2 fxg4 16. hxg4 h6 17. Bxh6 Nxg4 18. Nxg4 Bxg4 19. Qg5 Qf6 20. Qxf6 Rxf6 21. Bg5 Rf7 22. Re3 Bf6 23. Bxf6 Rxf6 24. Kg2 Rbf8 25. Rf1 Bf3+ 26. Kg3 g5 27. Ne2 Kg7 28. Ng1 g4 29. Rfe1 a5 30. a4 Kg6 31. Nxf3 gxf3 32. Rh1 Rf4 33. Rh4 Kg5 34. Rh7 Rg8 35. Kh3 Kg6 36. Rh4 Kg5 37. Rh7 Kg6 38. Rh4 Kg5 39. Rh7 Rg6 40. Rh8 Rf7 41. Rh4 Rf4 42. Rh8 1/2-1/2

[Event "POL-chT 2 Liga 2019"]
[Site "Poronin"]
[Date "2019.09.14"]
[Round "8.42"]
[White "Czarniecka, Aleksandra"]
[Black "Fraczek, Weronika"]
[Result "1-0"]
[ECO "C60"]
[WhiteElo "2003"]
[BlackElo "1875"]
[Annotator "NA"]
[PlyCount "45"]
[EventDate "2019.09.07"]
[EventType "team-tourn"]
[EventCountry "POL"]
[SourceTitle "playchess.com"]
[Source "ChessBase"]
[SourceQuality "1"]
[TimeControl "40/5400+30:1800+30"]

1. e4 e5 2. Nf3 Nc6 3. Bb5 g6 4. d4 exd4 5. Bg5 Be7 6. Bxe7 Qxe7 7. Bxc6 dxc6 8. Qxd4 Nf6 9. Nc3 O-O 10. O-O-O c5 11. Qe3 c6 12. h3 Re8 13. e5 Nd7 14. Ne4 f5 15. exf6 Qf8 16. Qb3+ Kh8 17. Nd6 Nxf6 18. Nxe8 Qxe8 19. Rhe1 Qf8 20. Re2 b5 21. Ne5 a5 22. Rd8 Ne8 23. Rxe8 1-0

[Event "POL-chT 2 Liga 2019"]
[Site "Poronin"]
[Date "2019.09.14"]
[Round "8.43"]
[White "Chojnacki, Krzysztof"]
[Black "Zaskalski, Arkadiusz"]
[Result "1-0"]
[ECO "B33"]
[WhiteElo "2362"]
[BlackElo "2168"]
[Annotator "NA"]
[PlyCount "59"]
[EventDate "2019.09.07"]
[EventType "team-tourn"]
[EventCountry "POL"]
[SourceTitle "playchess.com"]
[Source "ChessBase"]
[SourceQuality "1"]
[TimeControl "40/5400+30:1800+30"]

1. e4 c5 2. Nf3 Nc6 3. d4 cxd4 4. Nxd4 Nf6 5. Nc3 g6 6. Nxc6 bxc6 7. e5 Ng8 8. Bc4 Bg7 9. Qf3 f5 10. Bf4 e6 11. O-O-O Qc7 12. h4 Ne7 13. Qg3 Bb7 14. Rd3 O-O-O 15. Rhd1 Nd5 16. Bxd5 exd5 17. h5 Rhg8 18. h6 Bf8 19. e6 d6 20. Qe3 Kb8 21. Na4 Be7 22. Rb3 Ka8 23. Ra3 c5 24. Qb3 a6 25. Rxd5 Bxd5 26. Nb6+ Ka7 27. Nxd5 Qb7 28. Qxb7+ Kxb7 29. Rb3+ Ka8 30. Nxe7 1-0

[Event "POL-chT 2 Liga 2019"]
[Site "Poronin"]
[Date "2019.09.14"]
[Round "8.44"]
[White "Markiewicz, Jerzy"]
[Black "Raczynski, Krzysztof"]
[Result "1/2-1/2"]
[ECO "B51"]
[WhiteElo "2156"]
[BlackElo "2244"]
[Annotator "NA"]
[PlyCount "54"]
[EventDate "2019.09.07"]
[EventType "team-tourn"]
[EventCountry "POL"]
[SourceTitle "playchess.com"]
[Source "ChessBase"]
[SourceQuality "1"]
[TimeControl "40/5400+30:1800+30"]

1. e4 c5 2. Nf3 d6 3. Bb5+ Nd7 4. c3 Ngf6 5. Qe2 a6 6. Ba4 b5 7. Bc2 e5 8. O-O Be7 9. a4 b4 10. a5 O-O 11. d4 Re8 12. dxc5 Nxc5 13. cxb4 Ne6 14. Rd1 Bd7 15. Nc3 Qb8 16. Ba4 Qxb4 17. Nxe5 dxe5 18. Bxd7 Nd4 19. Rxd4 exd4 20. Bxe8 dxc3 21. bxc3 Qxc3 22. Bb2 Qb4 23. Bc6 Rd8 24. Bxf6 Bxf6 25. Rd1 Rxd1+ 26. Qxd1 Qxa5 27. g3 Qa1 1/2-1/2